 Dungeon Crawl Stone Soup version 0.29-a0-837-g174bc33265 (webtiles) character file.

Game seed: 5518737282104725285

237 BlueGoblin the Trooper (level 5, 0/42 HPs)
             Began as a Demonspawn Abyssal Knight on July 13, 2022.
             Was a Priest of Lugonu.
             Slain by Pikel
             ... wielding a +1 whip of freezing
              (8 damage)
             ... on level 3 of the Dungeon.
             The game lasted 00:11:16 (4347 turns).

BlueGoblin the Trooper (Demonspawn Abyssal Knight)  Turns: 4347, Time: 00:11:17

Health: 0/42       AC:  7    Str: 14    XL:     5   Next: 77%
Magic:  7/7        EV: 10    Int: 17    God:    Lugonu [***...]
Gold:   131        SH:  4    Dex: 15    Spells: 4/4 levels left

rFire   + . .      SeeInvis .   a - +2 falchion
rCold   . . .      Faith    .   c - +0 buckler
rNeg    . . .      Spirit   .   r - +1 ring mail {Will+}
rPois   .          Reflect  .   (no helmet)
rElec   .          Harm     .   (no cloak)
rCorr   .          Rampage  .   (no gloves)
Will    +....                   f - +0 pair of boots
Stlth   +.........              (no amulet)
HPRegen 0.14/turn               o - ring of protection from fire
MPRegen 0.20/turn               m - +6 ring of intelligence

@: hasted, very quick
A: magic regeneration
a: Renounce Religion, Depart the Abyss, Bend Space, Banish


You were on level 3 of the Dungeon.
You worshipped Lugonu.
Lugonu was most pleased with you.
You visited 1 branch of the dungeon, and saw 4 of its levels.
You visited the Abyss 1 time.

You collected 131 gold pieces.

Inventory:

Hand Weapons
 a - a +2 falchion (weapon)
Armour
 c - a +0 buckler (worn)
 f - a +0 pair of boots (worn)
 i - a +0 chain mail
 r - a +1 ring mail of willpower (worn)
 s - an orb of mayhem
Jewellery
 m - a +6 ring of intelligence (right hand)
 o - a ring of protection from fire (left hand)
 p - a ring of wizardry
Scrolls
 d - 2 scrolls of amnesia
 e - 4 scrolls of enchant weapon
 g - 2 scrolls of teleportation
 j - a scroll of fog
Potions
 n - a potion of flight {unknown}


   Skills:
 + Level 4.0 Fighting
 + Level 3.4 Long Blades
 + Level 3.0 Armour
 + Level 1.6 Dodging
 + Level 0.5 Shields
 + Level 3.5 Invocations


You had 4 spell levels left.
You didn't know any spells.
Your spell library contained the following spells:

 Spells                   Type           Power      Damage    Failure   Level
 Apportation              Tloc           0%         N/A       54%         1
 Alistair's Intoxication  Tmut/Pois      0%         N/A       100%        5
 Summon Forest            Summ/Tloc      0%         N/A       100%        5
 Eringya's Noxious Bog    Tmut/Pois      0%         N/A       100%        6
 Summon Hydra             Summ           0%         N/A       100%        7


Dungeon Overview and Level Annotations

Branches:
Dungeon (4/15)
 Temple: D:4-7

Altars:
Cheibriados
Hepliaklqana
Makhleb

Annotations:
D:3 Pikel


Innate Abilities, Weirdness & Mutations

You regenerate magic rapidly.


Message History

Pikel is heavily wounded.
Pikel hits you but does no damage.
Pikel hits you with a +1 whip of freezing.
Pikel freezes you.
You miss Pikel.
Pikel is heavily wounded.
Pikel hits you with a +1 whip of freezing.
Pikel freezes you.
You hit Pikel but do no damage.
Pikel is heavily wounded.
Pikel hits you but does no damage.
You hit Pikel.
Pikel is heavily wounded.
Pikel hits you with a +1 whip of freezing.
* * * LOW HITPOINT WARNING * * *
Pikel freezes you.
* * * LOW HITPOINT WARNING * * *
You hit Pikel.
Pikel is severely wounded.
Pikel hits you but does no damage.
You hit Pikel.
Pikel is severely wounded.
Pikel cracks his whip.
You block Pikel's attack.
You completely miss Pikel.
Pikel is severely wounded.
Pikel hits you but does no damage.
Pikel hits you with a +1 whip of freezing.
* * * LOW HITPOINT WARNING * * *
Pikel freezes you.
* * * LOW HITPOINT WARNING * * *
You hit Pikel but do no damage.
Pikel is severely wounded.
You feel less wooden.
Your +0 pair of boots unmelds from your body.
Your +1 ring mail of willpower unmelds from your body.
You feel strong-willed. Pikel closely misses you.
You feel yourself speed up.
Pikel hits you with a +1 whip of freezing!
You die...

##.####.#.........##.##.#
#....
.................###.##.#
#.###
....###..#######.###.##.#
#.# ##..###..# #.##..##.#
#.# .........# #.#.#.##.#
#.# ##..###..# #..###.#.#
#.# #..# #..# #####.##
##..# #.# ##..###..#
#..[.## ##.# #.#
.....##..# #.###@## ##.##
#.# ##...##..###.#
##K###.#######.#
.............#
##<#..........#
##...<...#####
##.########### #...####.#
#.# .....###.##########.#
....................#
.........############
#...######


You could see Pikel.

Vanquished Creatures
  A lemure (D:4)
  Jessica (D:3)
  3 gnolls
  4 adders
  A dart slug (D:3)
  2 orcs (D:3)
  4 endoplasms
  A giant cockroach (D:1)
  6 goblins
  2 hobgoblins
  6 jackals (D:3)
  2 quokkas
  2 ball pythons
  A bat (D:3)
  5 frilled lizards
  5 kobolds
  2 rats (D:1)
48 creatures vanquished.

Notes
Turn   | Place    | Note
-------+----------+-------------------------------------------
     0 | Abyss:1  | BlueGoblin the Demonspawn Abyssal Knight began the quest
                  | for the Orb.
     0 | Abyss:1  | Reached XP level 1. HP: 18/18 MP: 2/2
     1 | D:1      | Escaped the Abyss
   544 | D:1      | Reached skill level 1 in Dodging
   547 | D:1      | Gained mutation: You regenerate magic rapidly. [demonic
                  | ancestry]
   547 | D:1      | Reached XP level 2. HP: 24/24 MP: 3/3
  1104 | D:2      | Found a hazy altar of Hepliaklqana.
  1803 | D:3      | Reached XP level 3. HP: 17/29 MP: 5/5
  1987 | D:3      | Reached *** piety under Lugonu
  2212 | D:3      | Noticed Jessica
  2224 | D:3      | You fall into a shaft and drop 1 floor!
  2310 | D:4      | Reached XP level 4. HP: 32/36 MP: 6/6
  2386 | D:4      | Noticed a black bear
  2555 | D:4      | Banished a black bear
  2556 | D:4      | Reached XP level 5. HP: 36/42 MP: 0/7
  2779 | D:4      | Noticed a lemure
  2875 | D:3      | HP: 1/42 [Jessica/nerve-wracking pain (8)]
  3218 | D:3      | Killed Jessica
  3219 | D:3      | Reached skill level 4 in Fighting
  3692 | D:3      | Found a burning altar of Makhleb.
  3709 | D:3      | Found a snail-covered altar of Cheibriados.
  4087 | D:4      | Killed a lemure
  4295 | D:4      | Noticed Pikel
  4297 | D:4      | Noticed a lemure
  4300 | D:4      | Noticed a lemure
  4300 | D:4      | Noticed a lemure
  4347 | D:3      | Slain by Pikel

Illustrated notes

Levels and vault maps discovered:
D:1:      dpeg_arrival_pits, layout_loops_ring
D:2:      layout_loops_ring, basic_altar
D:3:      layout_loops_ring, mainiacjoe_overflow_large_starburst, uniq_jessica
D:4:      layout_basic, nicolae_titane, uniq_pikel

Skill      XL: |  1  2  3  4  5 |
---------------+----------------+-----
Dodging        | 1 |  1.6
Long Blades    | 2 3 |  3.4
Armour         | 2 3 |  3.0
Invocations    | 3 |  3.5
Fighting       | 4 |  4.0
Shields        | |  0.5

Action                   |  1- 3 |  4- 6 || total
-------------------------+-------+-------++-------
Melee: Falchion          |    84 |    90 ||   174
Invok: Bend Space        |     1 |     3 ||     4
       Banish            |       |     1 ||     1
  Use: Scroll            |     6 |     7 ||    13
       Potion            |       |     5 ||     5
Armor: Leather armour    |     6 |       ||     6
       Ring mail         |    20 |    28 ||    48
       Skin              |       |    12 ||    12
Dodge: Dodged            |    42 |    48 ||    90
Block: Buckler           |    17 |    12 ||    29

Table legend: (Time is in decaauts)
 A = Elapsed time spent in this place.
 B = Non-inter-level travel time spent in this place.
 C = Inter-level travel time spent in this place.
 D = Time resting spent in this place.
 E = Time spent auto-exploring this place.
 F = Levels seen in this place.
 G = Mean time per level.
                   A        B        C        D        E       F      G
               +--------+--------+--------+--------+--------+-----+--------+
         Total |   4393 |   4141 |    252 |   1314 |   2110 |   5 |  878.6 |
       Dungeon |   4392 |   4140 |    252 |   1314 |   2110 |   4 | 1098.0 |
         Abyss |      1 |      1 |      0 |      0 |      0 |   1 |    1.0 |
               +--------+--------+--------+--------+--------+-----+--------+

Top non-repeatable levels by time:
     D:3: 1436 daAuts
     D:2: 1142 daAuts
     D:1: 1000 daAuts
     D:4: 813 daAuts
 Abyss:1: 1 daAuts
